 Dungeon Crawl Stone Soup version 0.23.2-1-ga50397a6bc (webtiles) character file.

Game seed: 16386838978297240590

129 Elric the Poker (level 5, -5/42 HPs)
             Began as a Merfolk Fighter on May 14, 2019.
             Slain by Sigmund
             ... wielding a +2 vampiric scythe
              (7 damage)
             ... on level 3 of the Dungeon on May 30, 2019.
             The game lasted 00:04:34 (2657 turns).

Elric the Poker (Merfolk Fighter)                   Turns: 2657, Time: 00:04:35

Health: -5/42      AC:  6    Str: 16    XL:     5   Next: 12%
Magic:  5/5        EV:  6    Int:  7    God:
Gold:   74         SH:  0    Dex: 15    Spells: 4/4 levels left

rFire    . . .     SeeInvis .   a - +0 trident
rCold    . . .     Gourm    .   c - +0 shield
rNeg     . . .     Faith    .   b - +0 scale mail
rPois    .         Spirit   .   (no helmet)
rElec    .         Reflect  .   (no cloak)
rCorr    .         Harm     .   (no gloves)
MR       .....                  (no boots)
Stlth    ..........             (no amulet)
HPRegen  0.14/turn              (no ring)
MPRegen  0.09/turn              (no ring)

@: confused
A: change form in water, swift swim, stealthy swim
a: no special abilities


You were on level 3 of the Dungeon.
You were not hungry.

You visited 1 branch of the dungeon, and saw 3 of its levels.

You collected 74 gold pieces.

Inventory:

Hand Weapons
 a - a +0 trident (weapon)
Armour
 b - a +0 scale mail (worn)
 c - a +0 shield (worn)
Jewellery
 o - an uncursed ring of positive energy {unknown}
Wands
 p - a wand of enslavement (7)
Scrolls
 e - a scroll of teleportation {unknown}
 g - 2 scrolls of enchant armour {unknown}
 i - 7 scrolls of identify {unknown}
 j - a scroll of remove curse {unknown}
 k - a scroll of fear {unknown}
 m - a scroll of amnesia {unknown}
 s - a scroll of magic mapping {unknown}
 u - a scroll of immolation {unknown}
Potions
 d - a potion of might
 h - a potion of berserk rage {unknown}
 l - a potion of curing {unknown}
 n - 4 potions of agility {unknown}
 q - a potion of brilliance {unknown}
 r - a potion of haste {unknown}
 t - a potion of ambrosia {unknown}
 v - a potion of cancellation {unknown}
Comestibles
 f - 4 rations


   Skills:
 + Level 3.7 Fighting
 + Level 7.1 Polearms
 - Level 2.1 Armour
 - Level 3.0 Shields


You had 4 spell levels left.
You didn't know any spells.
Your spell library was empty.

Dungeon Overview and Level Annotations

Branches:
Dungeon (3/15)

Altars:
Elyvilon
Uskayaw
Zin

Annotations:
D:3 1 runed translucent door, Sigmund


Message History

You puncture something! Something hits you but does no damage.
You hit something. You hit something but do no damage.
Something hits you but does no damage.
Your shield and scale mail prevent you from hitting something.
You hear some strange, mumbled words.
Something tries to affect you, but you resist.
You miss something. Something hits you!
You closely miss something. You miss something.
You hear some strange, mumbled words.
A puff of flame appears from out of thin air!
The puff of flame hits you.
Your shield and scale mail prevent you from hitting something.
Something hits you!
* * * LOW HITPOINT WARNING * * *
You closely miss something.
You hear some strange, mumbled words.
You are confused.
Something hits you!
You die...

>..... .. .... ... ....## ...
......). ....#≈# ##. ........
...####..#≈# ....
.......#####......#≈###.>>...
...##..............≈.........
.#......(... #{.@..≈.###.....
.#....#..# #.#...≈......#
.........#####.####≈#....##
.##...#...........# #.....###
....#(.[..........# #.......#
...###.#.........@###........
##.# #.##...............##.## ..#
.#.# #..................# # ..#
(#.#####..........#.....##.#....#


There were no monsters in sight!

Vanquished Creatures
  Terence (D:3)
  Jessica (D:2)
  2 adders (D:3)
  4 worms
  A dart slug (D:1)
  A leopard gecko (D:2)
  3 orcs
  3 bats
  2 giant cockroaches (D:3)
  5 goblins
  7 hobgoblins
  A quokka (D:2)
  A ball python (D:3)
  A frilled lizard (D:3)
  7 kobolds
  4 rats
44 creatures vanquished.

Notes
Turn   | Place    | Note
-------+----------+-------------------------------------------
     0 | D:1      | Elric the Merfolk Fighter began the quest for the Orb.
     0 | D:1      | Reached XP level 1. HP: 18/18 MP: 1/1
   111 | D:1      | Reached skill level 4 in Polearms
   111 | D:1      | Reached XP level 2. HP: 22/24 MP: 2/2
   841 | D:2      | Found a white marble altar of Elyvilon.
   913 | D:2      | Reached skill level 5 in Polearms
   913 | D:2      | Reached XP level 3. HP: 29/29 MP: 3/3
  1115 | D:2      | Noticed Jessica
  1139 | D:2      | Killed Jessica
  1139 | D:2      | Reached skill level 6 in Polearms
  1139 | D:2      | Reached XP level 4. HP: 7/35 MP: 4/4
  2205 | D:3      | Noticed a +0 hand axe
  2205 | D:3      | Noticed a +0 hand axe
  2207 | D:3      | Found a hide-covered altar of Uskayaw.
  2226 | D:3      | Noticed Terence
  2247 | D:3      | Killed Terence
  2247 | D:3      | Reached skill level 7 in Polearms
  2247 | D:3      | Reached XP level 5. HP: 40/41 MP: 5/5
  2594 | D:3      | Found a glowing silver altar of Zin.
  2594 | D:3      | Found a runed translucent door.
  2594 | D:3      | Noticed an angel
  2623 | D:3      | Noticed Sigmund
  2655 | D:3      | HP: 2/42 [something (11)]
  2657 | D:3      | Slain by Sigmund

Skill      XL: |  1  2  3  4 |
---------------+-------------+-----
Polearms       | 4 5 6 7 |  7.1
Fighting       | |  3.7
Armour         | |  2.1
Shields        | |  3.0

Action                   |  1- 3 |  4- 6 || total
-------------------------+-------+-------++-------
Melee: Trident           |    96 |   109 ||   205
  Eat: Ration            |       |     2 ||     2
Armor: Scale mail        |    26 |    29 ||    55
Dodge: Dodged            |    18 |    10 ||    28
Block: Shield            |    46 |    39 ||    85
